 Dungeon Crawl Stone Soup version 0.29.1-2-gbd0b4ee654 (webtiles) character file.

Game seed: 4024197721388429147

134541 Norrock the Wrestler (level 16, -5/146 HPs)
             Began as a Troll Monk on Oct 30, 2022.
             Was the Champion of Jiyva.
             Slain by an emperor scorpion (17 damage)
             ... on level 4 of the Spider Nest on Oct 31, 2022.
             The game lasted 03:25:26 (23767 turns).

Norrock the Wrestler (Troll Monk)                  Turns: 23767, Time: 03:25:27

Health: -5/146     AC: 23    Str: 31    XL:     16   Next: 32%
Magic:  15/15      EV: 12    Int:  7    God:    Jiyva [******]
Gold:   1116       SH:  0    Dex: 19    Spells: 15/15 levels left

rFire   + . .      SeeInvis .     - Unarmed
rCold   + . .      Faith    .   (no shield)
rNeg    . . .      Spirit   .   r - +3 gold dragon scales
rPois   +          Reflect  .   (helmet restricted)
rElec   .          Harm     .   e - +2 cloak
rCorr   +          Rampage  +   (gloves unavailable)
Will    ++...                   (boots unavailable)
Stlth   ..........              R - amulet of Noon {Acrobat Rampage Will+ Int+2}
HPRegen 2.74/turn               h - +6 ring of dexterity
MPRegen 0.64/turn               y - +4 ring of slaying

@: flying, studying Evocations
A: large, unfitting armour, claws 3, regeneration 1, shaggy fur 2, tough skin 1,
hooves 1, strong 1, acidic bite, gelatinous body 3, pseudopods 2
}: 1/15 runes: slimy
a: Renounce Religion, Oozemancy, Slimify


You were on level 4 of the Spider Nest.
You worshipped Jiyva.
Jiyva was exalted by your worship.
You visited 6 branches of the dungeon, and saw 32 of its levels.
You also visited: Gauntlet.

You collected 3160 gold pieces.
You spent 2044 gold pieces at shops.

Inventory:

Missiles
 d - 7 atropa-tipped darts
 k - a throwing net
 m - 81 poisoned darts
 I - 30 large rocks (quivered)
Armour
 e - a +2 cloak (worn)
 r - +3 gold dragon scales (worn)
Jewellery
 b - a ring of poison resistance
 h - a +6 ring of dexterity (left claw)
 s - an amulet of reflection
 v - a ring of protection from fire
 w - a ring of fire
 y - a +4 ring of slaying (right claw)
 B - a ring of protection from cold
 D - a ring of wizardry
 F - a +4 ring of slaying
 J - a ring of positive energy
 P - a +4 ring of protection
 Q - a +4 ring of protection
 R - the amulet of Noon (around neck) {Acrobat Rampage Will+ Int+2}
   (You found it on level 5 of the Pits of Slime)

   [amulet of the acrobat]

   It increases your evasion while moving and waiting.
   Int:       It affects your intelligence (+2).
   Rampage:   It bestows one free step when moving towards enemies.
   Will:      It increases your willpower.
 W - an amulet of guardian spirit
Wands
 o - a wand of acid (7)
 x - a wand of digging (5)
 z - a wand of roots (19)
 U - a wand of polymorph (2)
Scrolls
 a - 3 scrolls of poison
 c - 2 scrolls of blinking
 q - 3 scrolls of amnesia
 A - 8 scrolls of teleportation
 G - 2 scrolls of butterflies
 H - a scroll of summoning
 K - 11 scrolls of identify
 L - 2 scrolls of enchant armour
 M - a scroll of silence
 N - a scroll of fear
 O - a scroll of enchant weapon
 S - a scroll of brand weapon
 T - 2 scrolls of magic mapping
Potions
 f - 2 potions of heal wounds
 g - 3 potions of might
 i - 4 potions of cancellation
 j - 3 potions of curing
 l - a potion of berserk rage
 n - 3 potions of haste
 p - a potion of invisibility
 u - 4 potions of lignification
 C - 2 potions of brilliance
Miscellaneous
 t - a phantom mirror
 V - a box of beasts


   Skills:
 + Level 6.8 Fighting
 - Level 10.0 Armour
 + Level 11.4 Dodging
 - Level 1.0 Stealth
 * Level 22.7 Unarmed Combat
 - Level 10.0 Evocations


You had 15 spell levels left.
You didn't know any spells.
Your spell library contained the following spells:

 Spells                   Type           Power      Damage    Failure   Level
 Foxfire                  Conj/Fire      0%         2x1d4     100%        1
 Ensorcelled Hibernation  Hex/Ice        0%         N/A       100%        2
 Conjure Flame            Conj/Fire      0%         6-21      100%        3
 Inner Flame              Hex/Fire       0%         N/A       100%        3
 Spider Form              Tmut/Pois      0%         N/A       100%        3
 Anguish                  Hex/Necr       0%         N/A       100%        4
 Flame Wave               Conj/Fire      0%         2d4       100%        4
 Ice Form                 Ice/Tmut       0%         N/A       100%        4
 Blade Hands              Tmut           0%         N/A       100%        5
 Conjure Ball Lightning   Conj/Air       0%         3x3d6     100%        6
 Eringya's Noxious Bog    Tmut/Pois      0%         N/A       100%        6
 Simulacrum               Ice/Necr       0%         N/A       100%        6
 Starburst                Conj/Fire      0%         6d3       100%        6
 Discord                  Hex            0%         N/A       100%        8
 Disjunction              Tloc           0%         N/A       100%        8
 Ignition                 Fire           0%         3d3       100%        8


Dungeon Overview and Level Annotations

Branches:
Dungeon (15/15)            Temple (1/1) D:4            Lair (5/5) D:11
 Shoals (0/4) Lair:2       Spider (4/4) Lair:3        Slime (5/5) Lair:5
    Orc (2/2) D:12            Elf (0/3) Orc:2        Vaults (0/5) D:13
 Depths (0/4) D:15        Gauntlet (visited)

Altars:
Ashenzari
Cheibriados
Dithmenos
Elyvilon
Fedhas
Gozag
Kikubaaqudgha
Makhleb
Nemelex Xobeh
Okawaru
Qazlal
Ru
Sif Muna
Trog
Uskayaw
Wu Jian
Xom
Yredelemnul
Zin
The Shining One
Ignis
Jiyva

Shops:
D:1 *   D:5 [   D:6 :   D:12 ?   Orc:1 *=   Orc:2 ?[[(

Portals:
Trove: D:10 (give +4 ice dragon scales)

Annotations:
Lair:1 3 runed translucent doors, TheGhostDragon952's ghost, journeyman MiBe
Lair:3 2 transporters, exclusion: oklob plant, Anandil's ghost, journeyman DsGl
Orc:1 2 transporters, Zeld's ghost, journeyman DsCj


Innate Abilities, Weirdness & Mutations

You are too large for most types of armour.
You have claws for hands.
Your natural rate of healing is unusually fast.
You are covered in thick fur. (AC +2)
You have tough skin. (AC +1)
You have large cloven feet.
Your muscles are strong. (Str +4, Int/Dex -1)
You have acidic saliva.
Your gelatinous body deflects attacks. (AC +3, EV +3)
Armour fits poorly on your large pseudopods.


Message History

You mangle the wolf spider!!
You kill the wolf spider!
You feel less confused.
You feel sick. The redback completely misses you.
The redback bites you but does no damage.
The emperor scorpion closely misses you.
The emperor scorpion claws you but does no damage. x2
The redback attacks as you move away! The redback bites you!
* * * LOW HITPOINT WARNING * * *
You feel very sick.
The jumping spider leaps!
The wolf spider misses you. The wolf spider completely misses you.
The emperor scorpion completely misses you. x3
You scratch the emperor scorpion. You bludgeon the emperor scorpion.
The emperor scorpion is moderately wounded.
You feel sick. The redback closely misses you.
The wolf spider completely misses you. The wolf spider barely misses you.
You scratch the emperor scorpion.
You kick the emperor scorpion, but do no damage.
You claw the emperor scorpion, but do no damage.
You bite the emperor scorpion, but do no damage.
You bludgeon the emperor scorpion!
The emperor scorpion is heavily wounded.
You feel sick. The emperor scorpion barely misses you.
The emperor scorpion completely misses you.
The emperor scorpion claws you but does no damage.
The redback misses you.
You mangle the emperor scorpion!! Your kick misses the emperor scorpion.
The emperor scorpion is severely wounded.
You feel sick. The emperor scorpion stings you!!
* * * LOW HITPOINT WARNING * * *
You are lethally poisoned!
The emperor scorpion poisons you!
The emperor scorpion claws you but does no damage.
The emperor scorpion closely misses you.
Okay, then.
You feel better. The redback bites you!
* * * LOW HITPOINT WARNING * * *
The emperor scorpion stings you!
You die...

#..# #..#
#..# #..##
##s..#
#≈ss~# #≈ss#
##@ss#
#≈≈ss#
)~..≈≈ws##
.....ssss
#^^.....ss~
###~^.~.#..~
##/..##.~..
#### #....
.~.##


You could see an emperor scorpion, a steelbarb worm, 2 wolf spiders, 2 orb
spiders, a culicivora, a jumping spider, 2 tarantellas and 7 redbacks.

Vanquished Creatures
  Rupert (Lair:4)
  Kirke (D:15)
  Donald (Spider:2)
  An emperor scorpion (Spider:1)
  An orc warlord (Orc:1)
  A ghost moth (Spider:3)
  Louise (Spider:2)
  A broodmother (Spider:1)
  Azrael (D:13)
  A dire elephant (D:15)
  An entropy weaver (Spider:3)
  A spark wasp (Spider:2)
  Snorg (D:14)
  Josephine (Orc:1)
  4 vault guards (D:13)
  3 hydras
  An ice dragon (D:15)
  Fannar (Lair:2)
  Harold (D:10)
  A jorogumo (Spider:1)
  2 boulder beetles
  2 radroaches
  A catoblepas (D:14)
  5 centaur warriors
  A merfolk avatar (Lair:5)
  2 two-headed ogres (D:11)
  3 tengu warriors
  4 pharaoh ants
  Nergalle (D:10)
  A sea snake (Lair:5)
  6 orb spiders
  Pikel (D:5)
  A wizard (D:14)
  A lindwurm (Lair:5)
  2 deep elf pyromancers
  7 cyclopes
  5 orc knights
  13 ugly things
  3 orc sorcerers
  15 wolf spiders
  A moth of wrath (Spider:1)
  4 manticores
  2 merfolk sirens (Lair:2)
  6 black mambas
  8 cane toads
  3 torpor snails
  18 elephants
  Joseph (D:8)
  2 unseen horrors (D:12)
  8 rime drakes
  2 efreet (D:13)
  4 demonic crawlers (Spider:1)
  9 komodo dragons
  A freezing wraith (D:15)
  8 kobold demonologists
  3 polar bears
  6 trolls
  2 merfolk (Lair:2)
  8 hornets
  A wind drake (Lair:5)
  21 tarantellas
  4 dream sheep (Lair:2)
  12 blink frogs
  2 snapping turtles (Lair:5)
  26 jumping spiders
  15 culicivoras
  4 wyverns
  9 wraiths
  24 fire elementals
  A hog (D:15)
  48 yaks
  Grum (D:11)
  7 basilisks
  30 redbacks
  A steam dragon (Lair:2)
  Edmund (D:6)
  6 vampire mosquitoes
  3 wargs
  An acid dragon (D:9)
  14 water moccasins
  2 hell hounds (D:13)
  A swamp drake (D:12)
  36 orc warriors
  3 black bears
  5 ogres
  24 centaurs
  27 wolves
  A phantom (D:5)
  7 kobold brigands
  2 necrophages
  4 gnoll sergeants
  3 bullfrogs
  4 scorpions
  4 wights
  The ghost of Arctor the Shield-Bearer, a weakling MiFi of Makhleb (D:3)
  3 killer bees (D:9)
  A howler monkey (D:5)
  5 hounds
  13 orc priests
  2 gnoll boudas
  7 iguanas
  Terence (D:3)
  16 orc wizards
  A wolf simulacrum (Lair:2)
  23 gnolls
  8 adders
  2 shadow imps (D:7)
  2 white imps (D:8)
  An ufetubus (D:5)
  3 worms
  4 dart slugs
  65 orcs
  12 ball pythons
  6 endoplasms
  5 giant cockroaches
  8 hobgoblins
  3 jackals (D:3)
  7 quokkas
  6 bats
  7 frilled lizards
  13 goblins
  27 kobolds
  5 rats
808 creatures vanquished.

Vanquished Creatures (collateral kills)
  A culicivora (Spider:2)
  2 foxfires (Lair:5)
3 creatures vanquished.

Vanquished Creatures (others)
  A deep elf pyromancer (D:12)
  A manticore (shapeshifter) (D:12)
  A tengu conjurer (D:12)
  2 slime creatures (D:15)
  A warg (D:12)
  27 jellies
  An orc (Orc:2)
  2 kobolds (D:13)
  A bush (D:11)
  51 foxfires
  25 fungi
  66 plants
179 creatures vanquished.

Grand Total: 990 creatures vanquished

Notes
Turn   | Place    | Note
-------+----------+-------------------------------------------
     0 | D:1      | Norrock the Troll Monk began the quest for the Orb.
     0 | D:1      | Reached XP level 1. HP: 22/22 MP: 0/0
   145 | D:1      | Found Bozytaotab's Assorted Antiques.
   190 | D:1      | Found a faded altar of an unknown god.
   219 | D:1      | Reached XP level 2. HP: 29/29 MP: 1/1
   261 | D:1      | Prayed at the altar of an unknown god.
   261 | D:1      | Became a worshipper of Ignis, the Dying Flame
   261 | D:1      | Reached ****** piety under Ignis
   455 | D:1      | Reached XP level 3. HP: 36/36 MP: 2/2
   510 | D:1      | Reached skill level 4 in Unarmed Combat
   864 | D:2      | Found a sparkling altar of Nemelex Xobeh.
  1065 | D:2      | Reached XP level 4. HP: 15/45 MP: 3/3
  1832 | D:3      | Noticed Terence
  1837 | D:3      | Killed Terence
  1838 | D:3      | Reached skill level 5 in Unarmed Combat
  1838 | D:3      | Reached XP level 5. HP: 53/53 MP: 4/4
  1874 | D:3      | Noticed Arctor's ghost (weakling MiFi)
  1876 | D:3      | Found a runed translucent gate.
  1876 | D:3      | Found a runed translucent gate.
  1876 | D:3      | Found a runed translucent gate.
  2106 | D:3      | Killed Arctor's ghost
  2149 | D:4      | Noticed a black bear
  2157 | D:4      | Killed a black bear
  2158 | D:4      | Reached skill level 6 in Unarmed Combat
  2158 | D:4      | Reached XP level 6. HP: 60/62 MP: 5/5
  2408 | D:4      | Found a staircase to the Ecumenical Temple.
  2424 | Temple   | Entered the Ecumenical Temple
  2595 | D:4      | Reached XP level 7. HP: 70/70 MP: 6/6
  2774 | D:5      | Entered Level 5 of the Dungeon
  2784 | D:5      | Reached skill level 7 in Unarmed Combat
  2831 | D:5      | Found Wucuob's Armour Shoppe.
  2879 | D:5      | Noticed Pikel
  2895 | D:5      | Killed Pikel
  2896 | D:5      | Reached skill level 5 in Fighting
  2896 | D:5      | Reached skill level 8 in Unarmed Combat
  2896 | D:5      | Reached XP level 8. HP: 54/80 MP: 7/7
  3003 | D:5      | Reached skill level 9 in Unarmed Combat
  3579 | D:6      | You fall into a shaft and drop 3 floors!
  3650 | D:6      | Found a shimmering altar of Xom.
  3841 | D:6      | Noticed Edmund
  3852 | D:6      | Killed Edmund
  3853 | D:6      | Reached skill level 10 in Unarmed Combat
  3863 | D:6      | Found a snail-covered altar of Cheibriados.
  3944 | D:6      | Found Ralen's Vocational Training.
  4306 | D:6      | Found a basalt altar of Yredelemnul.
  4470 | D:7      | Reached skill level 1 in Evocations
  4470 | D:7      | Reached XP level 9. HP: 70/89 MP: 8/8
  4655 | D:7      | Found a white marble altar of Elyvilon.
  4677 | D:7      | Identified the +8 quarterstaff of Irrepressible Laughter
                  | {flame, rF- rCorr Int+4}
  4725 | D:7      | Found a shimmering blue altar of Sif Muna.
  4822 | D:7      | Found a sacrificial altar of Ru.
  4823 | D:7      | Found a glowing silver altar of Zin.
  4827 | D:7      | Found a sparkling altar of Nemelex Xobeh.
  4835 | D:7      | Found a blossoming altar of Fedhas.
  4836 | D:7      | Found an opulent altar of Gozag.
  4837 | D:7      | Found a shadowy altar of Dithmenos.
  5323 | D:8      | Noticed Joseph
  5332 | D:8      | Killed Joseph
  5333 | D:8      | Reached skill level 11 in Unarmed Combat
  5351 | D:8      | Found a burning altar of Makhleb.
  5780 | D:8      | Identified 2 scrolls of acquirement
  5780 | D:8      | Acquired a manual of Dodging
  5782 | D:8      | Acquired 1070 gold pieces
  5857 | D:5      | Bought +0 gold dragon scales for 1120 gold pieces
  6616 | D:9      | Noticed a kobold demonologist
  6620 | D:9      | Killed a kobold demonologist
  6621 | D:9      | Reached skill level 12 in Unarmed Combat
  6621 | D:9      | Noticed a kobold demonologist
  6623 | D:9      | Noticed a red devil
  6707 | D:9      | Killed a kobold demonologist
  6708 | D:9      | Reached XP level 10. HP: 79/98 MP: 9/9
  6713 | D:9      | Reached skill level 5 in Dodging
  7247 | D:10     | Entered Level 10 of the Dungeon
  7247 | D:10     | Noticed Nergalle
  7389 | D:10     | Found a stormy altar of Qazlal.
  7412 | D:10     | Reached skill level 13 in Unarmed Combat
  7572 | D:10     | Noticed Harold
  7575 | D:10     | Killed Nergalle
  7585 | D:10     | Killed Harold
  7586 | D:10     | Reached skill level 14 in Unarmed Combat
  7636 | D:10     | Found an iron altar of Okawaru.
  7657 | D:10     | Noticed a manticore
  7664 | D:10     | Killed a manticore
  7665 | D:10     | Reached XP level 11. HP: 105/105 MP: 10/10
  7722 | D:10     | Found a portal to a secret trove of treasure.
  8042 | D:11     | Noticed a two-headed ogre
  8057 | D:11     | Killed a two-headed ogre
  8058 | D:11     | Reached skill level 1 in Armour
  8294 | D:11     | Noticed Grum
  8310 | D:11     | Killed Grum
  8360 | D:11     | Reached skill level 15 in Unarmed Combat
  8567 | D:11     | Noticed a soul eater
  8849 | D:11     | Found a staircase to the Lair.
  8927 | D:11     | Noticed a two-headed ogre
  8938 | D:11     | Killed a two-headed ogre
  8939 | D:11     | Reached skill level 16 in Unarmed Combat
  8971 | D:11     | Reached XP level 12. HP: 102/114 MP: 11/11
  9210 | Lair:1   | Entered Level 1 of the Lair of Beasts
  9349 | Lair:1   | Found a runed translucent gate.
  9357 | Lair:1   | Found a runed translucent gate.
  9361 | Lair:1   | Found a runed translucent gate.
  9362 | Lair:1   | Noticed a 12-headed hydra
  9363 | Lair:1   | Noticed TheGhostDragon952's ghost (journeyman MiBe)
  9426 | Lair:1   | Reached skill level 5 in Armour
 10438 | Lair:2   | Reached skill level 17 in Unarmed Combat
 10635 | Lair:2   | Found a staircase to the Shoals.
 10770 | Lair:2   | Noticed Fannar
 10781 | Lair:2   | Killed Fannar
 11173 | Lair:3   | Reached skill level 18 in Unarmed Combat
 11178 | Lair:3   | Reached XP level 13. HP: 96/120 MP: 12/12
 11265 | Lair:3   | Found a transporter.
 11272 | Lair:3   | Found a transporter.
 11383 | Lair:3   | Noticed Anandil's ghost (journeyman DsGl)
 11719 | Lair:3   | Found a hole to the Spider Nest.
 12060 | Lair:3   | Found a bloodstained altar of Trog.
 12216 | D:6      | Bought a manual of Evocations for 880 gold pieces
 12398 | Lair:4   | Found a gate leading to a gauntlet.
 12412 | Gauntlet | Entered a Gauntlet
 12412 | Gauntlet | Found a transporter.
 12412 | Gauntlet | Found a transporter.
 12428 | Gauntlet | Found a transporter.
 12432 | Gauntlet | Found a transporter.
 12475 | Gauntlet | Found a transporter.
 12479 | Gauntlet | Found a transporter.
 12491 | Gauntlet | Found a transporter.
 12493 | Gauntlet | Found a transporter.
 12503 | Gauntlet | Found a transporter.
 12520 | Gauntlet | Found a large runed translucent door.
 12520 | Gauntlet | Noticed a blizzard demon
 12521 | Gauntlet | Found a large runed translucent door.
 12522 | Gauntlet | Found a large runed translucent door.
 12522 | Gauntlet | Found a large runed translucent door.
 12523 | Gauntlet | Found a runed translucent gate.
 12524 | Gauntlet | Found a large runed translucent door.
 12524 | Gauntlet | Found a large runed translucent door.
 12524 | Gauntlet | Found a runed translucent door.
 12525 | Gauntlet | Found a large runed translucent door.
 12526 | Gauntlet | Found a large runed translucent door.
 12539 | Gauntlet | Found a transporter.
 12539 | Gauntlet | Found a transporter.
 12937 | Lair:4   | Noticed Rupert
 12948 | Lair:4   | Killed Rupert
 13045 | Lair:4   | Reached skill level 19 in Unarmed Combat
 13516 | Lair:5   | Entered Level 5 of the Lair of Beasts
 13800 | Lair:5   | Found a viscous altar of Jiyva.
 13800 | Lair:5   | Found a staircase to the Slime Pits.
 13898 | Lair:5   | Fell from the grace of Ignis
 13898 | Lair:5   | Became a worshipper of Jiyva Jinu the Shapeless
 14116 | Lair:5   | Reached XP level 14. HP: 129/130 MP: 13/13
 14521 | Lair:5   | Identified the +2 demon trident "Beetlebane" {drain, rElec
                  | rPois rCorr Int-5}
 14526 | Lair:5   | Got the Atlas of Calid Filth
 14742 | D:12     | Reached * piety under Jiyva
 14860 | D:12     | Reached skill level 5 in Evocations
 15009 | D:12     | Found a staircase to the Orcish Mines.
 15096 | D:12     | Reached ** piety under Jiyva
 15200 | D:12     | Found Vaim's Magic Scroll Emporium.
 15205 | D:12     | Bought a scroll of fear for 44 gold pieces
 15224 | D:12     | You fall into a shaft and drop 3 floors!
 15224 | D:15     | Entered Level 15 of the Dungeon
 15241 | D:15     | Found a broken altar of Ashenzari.
 15352 | D:14     | Reached skill level 20 in Unarmed Combat
 15995 | D:13     | Found a gate to the Vaults.
 16010 | D:13     | You fall into a shaft and drop 1 floor!
 16198 | D:13     | Reached *** piety under Jiyva
 16392 | D:13     | Gained mutation: Your muscles are strong. (Str +4, Int/Dex
                  | -1) [Jiyva's grace]
 16392 | D:13     | Gained mutation: Your muscles are very strong. (Str +8,
                  | Int/Dex -2) [Jiyva's grace]
 16392 | D:13     | Gained mutation: You have large cloven feet. [Jiyva's
                  | grace]
 16392 | D:13     | Gained mutation: You have hoof-like feet. [Jiyva's grace]
 16435 | D:13     | Noticed Azrael
 16458 | D:13     | Killed Azrael
 16644 | D:14     | Identified the +0 ring mail of the Thirteen Seers {Fly
                  | rPois rC- Dex+5}
 17068 | D:14     | Reached **** piety under Jiyva
 17071 | D:14     | Noticed Snorg
 17082 | D:14     | Killed Snorg
 18128 | D:15     | Reached skill level 10 in Armour
 18218 | D:15     | Found a staircase to the Depths.
 18365 | D:15     | Reached skill level 21 in Unarmed Combat
 18365 | D:15     | Reached XP level 15. HP: 136/136 MP: 14/14
 18402 | D:15     | Noticed Kirke
 18411 | D:15     | Killed Kirke
 18659 | D:14     | Was forgiven by Ignis
 18768 | Orc:1    | Entered Level 1 of the Orcish Mines
 18769 | Orc:1    | Noticed an orc warlord
 18829 | Orc:1    | Killed an orc warlord
 18869 | Orc:1    | Found a transporter.
 18931 | Orc:1    | Noticed Josephine
 18941 | Orc:1    | Killed Josephine
 19137 | Orc:1    | Found Qunoeptu's General Store.
 19159 | Orc:1    | Gained mutation: Your body has grown eyes which may confuse
                  | attackers. (Acc +3) [Jiyva's grace]
 19159 | Orc:1    | Gained mutation: Your body has grown many eyes which may
                  | confuse attackers. (Acc +5) [Jiyva's grace]
 19159 | Orc:1    | Gained mutation: Your body is covered in eyes which may
                  | confuse attackers. (Acc +7, SInv) [Jiyva's grace]
 19159 | Orc:1    | Gained mutation: You have acidic saliva. [Jiyva's grace]
 19228 | Orc:1    | Noticed Zeld's ghost (journeyman DsCj)
 19255 | Orc:1    | Found a transporter.
 19269 | Orc:1    | Reached ***** piety under Jiyva
 19432 | Orc:1    | Found Qatocliph's Jewellery Boutique.
 19486 | Orc:2    | Entered Level 2 of the Orcish Mines
 19499 | Orc:2    | Found a staircase to the Elven Halls.
 20047 | Orc:2    | Found Luynocso's Antique Armour Shoppe.
 20047 | Orc:2    | Found Ufutahet's Armour Shop.
 20049 | Orc:2    | Found Zuuproc's Magic Scroll Boutique.
 20051 | Orc:2    | Found Eteo's Weapon Emporium.
 20123 | Orc:2    | Reached ****** piety under Jiyva
 20574 | Slime:1  | Entered Level 1 of the Pits of Slime
 20576 | Slime:1  | Noticed an acid blob
 20585 | Slime:1  | Noticed an azure jelly
 20759 | Slime:2  | Noticed an acid blob
 20759 | Slime:2  | Noticed an azure jelly
 20775 | Slime:2  | Noticed an acid blob
 20804 | Slime:2  | Noticed an azure jelly
 20915 | Slime:3  | Noticed an acid blob
 20978 | Slime:3  | Noticed an acid blob
 21068 | Slime:4  | Noticed an acid blob
 21194 | Slime:5  | Entered Level 5 of the Pits of Slime
 21260 | Slime:5  | Noticed an acid blob
 21269 | Slime:5  | Noticed an acid blob
 21269 | Slime:5  | Noticed a rockslime
 21334 | Slime:5  | Noticed an acid blob
 21335 | Slime:5  | Noticed an acid blob
 21351 | Slime:5  | Found a viscous altar of Jiyva.
 21353 | Slime:5  | Noticed an azure jelly
 21356 | Slime:5  | Noticed an azure jelly
 21356 | Slime:5  | Noticed an acid blob
 21357 | Slime:5  | Noticed an azure jelly
 21359 | Slime:5  | Got a slimy rune of Zot
 21360 | Slime:5  | Identified the +6 war axe of Veryosch {flame, Fly Int+3
                  | Dex+2}
 21361 | Slime:5  | Noticed an acid blob
 21367 | Slime:5  | Identified the +6 quarterstaff "Oxtirph Jipiu" {venom,
                  | Int+3}
 21368 | Slime:5  | Identified the +5 shortbow "Biutinaf" {venom, Fragile rElec
                  | MP+9 Str+4}
 21386 | Slime:5  | Identified the amulet of Noon {Acrobat Rampage Will+ Int+2}
 21408 | Slime:5  | Identified the +6 plate armour of Gluttony {Int+4}
 21418 | Slime:5  | Noticed an azure jelly
 21423 | Slime:5  | Noticed an acid blob
 21558 | Spider:1 | Entered Level 1 of the Spider Nest
 21624 | Spider:1 | Lost mutation: You have hoof-like feet. [Jiyva's grace]
 21624 | Spider:1 | Lost mutation: Your muscles are very strong. (Str +8,
                  | Int/Dex -2) [Jiyva's grace]
 21624 | Spider:1 | Lost mutation: Your body is covered in eyes which may
                  | confuse attackers. (Acc +7, SInv) [Jiyva's grace]
 21624 | Spider:1 | Lost mutation: Your body has grown many eyes which may
                  | confuse attackers. (Acc +5) [Jiyva's grace]
 21624 | Spider:1 | Gained mutation: Armour fits poorly on your pseudopods.
                  | [Jiyva's grace]
 21624 | Spider:1 | Gained mutation: Armour fits poorly on your large
                  | pseudopods. [Jiyva's grace]
 21624 | Spider:1 | Gained mutation: Armour fits poorly on your massive
                  | pseudopods. [Jiyva's grace]
 21624 | Spider:1 | Gained mutation: You have hidden genetic potential.
                  | [Jiyva's grace]
 21700 | Spider:1 | Noticed an emperor scorpion
 21709 | Spider:1 | Killed an emperor scorpion
 21746 | Spider:1 | Reached skill level 10 in Dodging
 21809 | Spider:1 | Reached skill level 22 in Unarmed Combat
 21945 | Spider:1 | Reached skill level 10 in Evocations
 22237 | Spider:2 | Noticed Donald
 22250 | Spider:2 | Killed Donald
 22346 | Spider:2 | Reached XP level 16. HP: 144/144 MP: 15/15
 22446 | Spider:2 | Got Sif Muna's Vellum of Morbid Transfiguration
 22554 | Spider:2 | Noticed Louise
 22566 | Spider:2 | Killed Louise
 23013 | Spider:3 | Lost mutation: Your body has grown eyes which may confuse
                  | attackers. (Acc +3) [Jiyva's grace]
 23013 | Spider:3 | Lost mutation: Armour fits poorly on your massive
                  | pseudopods. [Jiyva's grace]
 23013 | Spider:3 | Lost mutation: You have hidden genetic potential. [Jiyva's
                  | grace]
 23013 | Spider:3 | Gained mutation: Your rubbery body absorbs attacks. (AC +1,
                  | EV +1) [Jiyva's grace]
 23013 | Spider:3 | Gained mutation: Your pliable body absorbs attacks. (AC +2,
                  | EV +2) [Jiyva's grace]
 23013 | Spider:3 | Gained mutation: Your gelatinous body deflects attacks. (AC
                  | +3, EV +3) [Jiyva's grace]
 23013 | Spider:3 | Gained mutation: You are covered in thick fur. (AC +2)
                  | [Jiyva's grace]
 23725 | Spider:4 | Entered Level 4 of the Spider Nest
 23767 | Spider:4 | Slain by an emperor scorpion

Illustrated notes

Levels and vault maps discovered:
D:1:      wander_arrival_chamber, layout_rooms, serial_shops,
          nicolae_square_shop, ebering_ecumenical_altar_mist,
          minmay_misc_feat_pillars, due_unseen_surprise
D:2:      layout_loops_corners, basic_altar, lexackson_kobold_supper
D:3:      layout_rooms, gammafunk_ghost_split, uniq_terence
D:4:      layout_loops_ring, minmay_temple_entry_glass, minmay_surrounded
D:5:      layout_loops_ring, serial_shops, nicolae_diamond_shop, uniq_pikel
D:6:      layout_rooms, cheibriados_altar_1, kennysheep_mini_moat,
          general_overflow_altar, hangedman_decor_opposing,
          nicolae_shop_vocational, uniq_edmund
D:7:      layout_cave_pools, minitemple, mainiacjoe_overflow_24_doors,
          nicolae_fountain_basement
D:8:      layout_cave_pods, makhleb_blood_cavern_becter, uniq_joseph
D:9:      layout_stronghold
D:10:     layout_big_octagon, mainiacjoe_overflow_small_starburst,
          mainiacjoe_overflow_six_doors_small, enter_trove_1,
          kennysheep_generic_room_2, uniq_nergalle, uniq_harold
D:11:     layout_irregular_city, minmay_lair_entry_grove,
          kennysheep_generic_room_15, uniq_grum
D:12:     layout_irregular_city, erik_orc_1, serial_shops,
          kennysheep_little_box, minivault_12
D:13:     layout_roguey, lightli_vaults_fourway_checkpoint, uniq_azrael
D:14:     layout_grid_maze, chequers_garden, uniq_snorg
D:15:     hangedman_depths_entry_try_elsewhere_first, layout_cave_pods,
          cheibrodos_ashenzari_chains, uniq_kirke
Temple:   nicolae_temple_two_arcs
Lair:1:   layout_loops_ring, gammafunk_ghost_hydra_chop
Lair:2:   layout_cave_pods, elwin_shoals_entry_stream,
          portal_ice_cave_entry_ice_simulacra, grunt_forest_large_clearings,
          infiniplex_staircase_pool_2, uniq_fannar
Lair:3:   layout_chaotic_city, spider_nest_entry_funnel_web,
          gammafunk_ghost_wrathful_warriors, grunt_megastairs_1
Lair:4:   layout_small_grid, gauntlet_entry_generic, uniq_rupert
Lair:5:   gammafunk_lair_ancient_temple, layout_hall_layers,
          dpeg_slime_entry_enclosed, dreamdust_wasp_nest
Spider:1: layout_spider_delve, nicolae_spider_checkerboard
Spider:2: layout_spider_delve, uniq_louise, uniq_donald
Spider:3: layout_chambers
Spider:4: grunt_spider_rune_circles
Slime:1:  layout_caves
Slime:2:  layout_caves
Slime:3:  layout_caves, nicolae_slime_welcoming_committee
Slime:4:  layout_caves
Slime:5
Orc:1:    layout_diamond_mine, serial_shops, nicolae_shop_behind_doors,
          nicolae_shop_behind_doors, gammafunk_ghost_stat_death, uniq_josephine
Orc:2:    st_orc_rangers, layout_diamond_mine

Skill      XL: |  1  2  3  4  5  6  7  8  9 10 11 12 13 14 15 16 |
---------------+-------------------------------------------------+-----
Unarmed Combat | 4 5 6 8 10 12 14 16 18 19 21 22 | 22.7
Fighting       | 3 4 5 6 |  6.8
Evocations     | 1 2 4 7 10 | 10.0
Dodging        | 4 8 10 11 | 11.4
Armour         | 4 7 8 10 | 10.0
Stealth        | |  1.0

Action                   |  1- 3 |  4- 6 |  7- 9 | 10-12 | 13-15 | 16-18 || total
-------------------------+-------+-------+-------+-------+-------+-------++-------
Melee: Unarmed           |   112 |   120 |   237 |   441 |   985 |   126 ||  2021
       Punch             |     4 |     3 |    17 |    43 |   113 |    19 ||   199
       Kick              |       |       |       |       |   174 |    45 ||   219
       Pseudopods        |       |       |       |       |    29 |    27 ||    56
       Bite              |       |       |       |       |    22 |    17 ||    39
Throw: Dart              |       |     2 |     1 |     9 |     4 |       ||    16
       Large rock        |       |       |       |     3 |    13 |       ||    16
Invok: Foxfire Swarm     |       |     1 |       |     1 |     1 |       ||     3
       Fiery Armour      |       |       |       |       |     1 |       ||     1
Evoke: Wand              |       |     6 |     9 |     7 |    13 |       ||    35
       Phantom mirror    |       |       |       |     1 |     2 |       ||     3
  Use: Potion            |     3 |     3 |     4 |       |     5 |     7 ||    22
       Scroll            |     3 |     3 |     4 |    12 |     9 |     2 ||    33
 Stab: Distracted        |     1 |       |       |       |       |       ||     1
       Sleeping          |     4 |     6 |     1 |       |       |       ||    11
       Petrified         |       |       |       |       |     3 |       ||     3
       Confused          |       |       |       |       |     6 |     1 ||     7
       Fleeing           |       |       |       |       |     1 |       ||     1
Armor: Robe              |    26 |    29 |    29 |       |       |       ||    84
       Gold dragon scale |       |       |    37 |   334 |   622 |    83 ||  1076
Dodge: Dodged            |    40 |    38 |    73 |   110 |   287 |   110 ||   658
Block: Other             |       |       |       |       |    49 |       ||    49
       Reflection        |       |       |       |       |    12 |       ||    12
